 Dungeon Crawl Stone Soup version 0.20.0-15-g7f486f2 (webtiles) character file.

931 polve the Skirmisher (level 8, -1/45 HPs)
             Began as a Vine Stalker Fighter on June 30, 2017.
             Slain by an ogre
             ... wielding a +0 giant club
              (11 damage)
             ... on level 6 of the Dungeon.
             The game lasted 00:03:39 (4444 turns).

polve the Skirmisher (Vine Stalker Fighter)         Turns: 4444, Time: 00:03:40

Health: -1/45      AC: 15    Str: 18    XL:     8   Next: 11%
Magic:  0/9        EV:  4    Int:  8    God:
Gold:   219        SH:  9    Dex: 17    Spells: 7/7 levels left

rFire    . . .     SeeInvis .   b - +3 dagger (elec)
rCold    . . .     Gourm    .   c - +0 shield
rNeg     . . .     Faith    .   w - +0 chain mail
rPois    .         Spirit   +   m - +0 helmet
rElec    .         Reflect  .   h - +0 cloak
rCorr    .         Harm     .   t - +0 pair of gloves
MR       +....                  (no boots)
Stlth    ..........             (no amulet)
Regen    0.6/turn               i - +3 ring of protection
MPRegen  0.2/turn               (no ring)

@: no status effects
A: fangs 3, regeneration 1, magic shield, antimagic bite, no potion heal 3, rot
immunity
a: no special abilities


You were on level 6 of the Dungeon.
You were very hungry.

You visited 1 branch of the dungeon, and saw 6 of its levels.

You collected 219 gold pieces.

Inventory:

Hand Weapons
 a - a +0 long sword
 b - a +3 dagger of electrocution (weapon)
Armour
 c - a +0 shield (worn)
 h - a +0 cloak (worn)
 m - a +0 helmet (worn)
 t - a +0 pair of gloves (worn)
 w - a +0 chain mail (worn)
Jewellery
 i - a +3 ring of protection (left hand)
Wands
 y - a wand of acid (5/15)
Scrolls
 e - 4 scrolls of identify
 j - 5 scrolls of remove curse
 l - 6 scrolls of teleportation
 p - 2 scrolls of fear {unknown}
 q - a scroll of amnesia {unknown}
 r - 2 scrolls of enchant armour {unknown}
 v - a scroll of noise {unknown}
 x - a scroll of recharging {unknown}
 C - a scroll of magic mapping {unknown}
Potions
 d - a potion of might
 k - 2 potions of lignification {unknown}
 o - 5 potions of curing {unknown}
 u - 4 potions of mutation {unknown}
 z - 2 potions of brilliance {unknown}
 A - a potion of resistance {unknown}
 B - a potion of haste {unknown}
Comestibles
 f - 5 bread rations
 g - 3 royal jellies
 n - 6 fruits
 s - 5 meat rations


   Skills:
 + Level 6.6 Fighting
 + Level 5.1(5.4) Short Blades
 - Level 2.4(4.1) Long Blades
 - Level 2.4 Armour
 - Level 2.6 Shields


You had 7 spell levels left.
You didn't know any spells.

Dungeon Overview and Level Annotations

Branches:
Dungeon (6/15)
 Temple: D:4-7

Altars:
Nemelex Xobeh


Innate Abilities, Weirdness & Mutations

You have razor-sharp teeth.
Your natural rate of healing is unusually fast.
When hurt, damage is shared between your health and your magic reserves.
Your bite disrupts and absorbs the magic of your enemies.
Potions cannot restore your health.
You are immune to rotting.


Message History

The ogre is severely wounded.
The ogre hits you with a giant club!!
* * * LOW HITPOINT WARNING * * *
You are too injured to fight recklessly!
You are too injured to fight recklessly!
You are too injured to fight recklessly!
An ogre is nearby!
An ogre is nearby!
An ogre is nearby!
You hit the ogre. You bite the ogre. You drain its power.
You feel invigorated.
The ogre is almost dead.
Your shield and chain mail prevent you from hitting the ogre.
The ogre is almost dead.
The ogre hits you with a giant club!
* * * LOW HITPOINT WARNING * * *
Your shield and chain mail prevent you from hitting the ogre.
You bite the ogre, but do no damage.
The ogre is almost dead.
The ogre hits you with a giant club!
You die...

# .. ...#.#.................
#####..###.#.........#.####.#.#
......................... .#
##.........#....###....###
........#.##...##.##...#
#######........#._.#...# .
##.....####.####... ..
#....##..#'#..##.. ###
#..#.#..O@.†...#
#....##.##†##.##
#.....###.#.###
#.........#........
##.†..##.###.#####.
#....##.....# #....###...##
#..#.# ...# #.#.#.# .....


You could see an ogre.

Vanquished Creatures
  A water moccasin (D:5)
  A phantom (D:4)
  An ogre (D:5)
  A bullfrog (D:6)
  A scorpion (D:6)
  A crimson imp (D:5)
  A quasit (D:5)
  2 hounds
  2 bullfrog skeletons
  An orc wizard (D:4)
  An iguana (D:5)
  A worker ant (D:4)
  A hound skeleton (D:4)
  11 adders
  7 gnolls
  2 oozes
  An adder zombie (D:5)
  2 worms
  4 dart slugs
  2 leopard geckos
  4 orcs
  A ball python (D:4)
  7 giant cockroaches
  7 goblins
  7 hobgoblins
  2 jackals (D:6)
  10 kobolds
  A quokka (D:2)
  A ball python skeleton (D:5)
  7 bats
  4 frilled lizards
  9 rats
104 creatures vanquished.

Notes
Turn   | Place    | Note
-------+----------+-------------------------------------------
     0 | D:1      | polve the Vine Stalker Fighter began the quest for the Orb.
     0 | D:1      | Reached XP level 1. HP: 11/11 MP: 2/2
   139 | D:1      | Reached XP level 2. HP: 13/16 MP: 3/3
   227 | D:1      | Reached skill level 3 in Fighting
   401 | D:1      | Reached XP level 3. HP: 18/20 MP: 4/4
  1097 | D:2      | Reached skill level 1 in Short Blades
  1098 | D:2      | Gained mutation: Your natural rate of healing is unusually fast. [Vine Stalker growth]
  1098 | D:2      | Reached XP level 4. HP: 25/25 MP: 5/5
  1330 | D:2      | Reached skill level 4 in Fighting
  1369 | D:2      | Reached XP level 5. HP: 29/29 MP: 6/6
  2880 | D:4      | Noticed a phantom
  2888 | D:4      | Reached XP level 6. HP: 34/34 MP: 7/7
  2907 | D:4      | Killed a phantom
  2907 | D:4      | Reached skill level 5 in Fighting
  3555 | D:4      | Reached XP level 7. HP: 38/39 MP: 8/8
  3597 | D:5      | Entered Level 5 of the Dungeon
  3881 | D:5      | Reached skill level 6 in Fighting
  4303 | D:6      | Gained mutation: You have razor-sharp teeth. [Vine Stalker growth]
  4303 | D:6      | Reached XP level 8. HP: 42/45 MP: 7/9
  4411 | D:6      | Reached skill level 5 in Short Blades
  4430 | D:6      | Found a sparkling altar of Nemelex Xobeh.
  4444 | D:6      | Slain by an ogre

Skill      XL: |  1  2  3  4  5  6  7  8 |
---------------+-------------------------+-----
Long Blades    | 2 |  2.4
Fighting       | 3 4 5 6 |  6.6
Short Blades   | 1 2 3 4 5 |  5.1
Armour         | |  2.4
Shields        | |  2.6

Action                   |  1- 3 |  4- 6 |  7- 9 || total
-------------------------+-------+-------+-------++-------
Melee: Long sword        |    19 |       |       ||    19
       Bite              |    11 |    30 |    29 ||    70
       Dagger            |    31 |   124 |    77 ||   232
  Use: Scroll            |     2 |       |       ||     2
  Eat: Chunk             |     1 |     7 |     2 ||    10
Armor: Scale mail        |    18 |    21 |       ||    39
       Chain mail        |       |    30 |    33 ||    63
Dodge: Dodged            |     8 |    20 |    14 ||    42
Block: Shield            |    14 |    38 |    30 ||    82
       Rpst.: Long sword |     1 |       |       ||     1
